AoeStats
← Carple

Migration

506993769Analyzed
1v1 RM · 17d ago on Sep 16, 2026· 27m 50s· 2 players
Game mode
Random Map
Map size
132×132
Population
200
Speed
Normal
Resources
Standard
Victory
Conquest
Starting age
Dark Age
Ending age
Imperial Age
RankedLock teamsTeams togetherTeam positionsShared explorationLock speedFull tech treeHidden civsTurbo modeCheats
Victory
Defeat
🇨🇦 Japanese · Canada
1255
+15
🇲🇽 Khmer · Mexico
1240
-15
ricalope27
11:26 Feudal Age
11:55 Double-Bit Axe
14:14 Loom
17:13 Castle Age
16:49 Gold Mining
18:27 Medium Warships
18:33 Bow Saw
22:07 Stone Mining
26:51 Fletching
Carple
12:19 Feudal Age
13:08 Double-Bit Axe
13:23 Loom
13:33 Fishing Lines
18:14 Horse Collar
20:45 Castle Age
18:42 Stone Mining
18:43 Gold Mining
19:13 Forging
19:04 Scale Mail Armor
18:55 Fletching
19:37 Arson
22:13 Iron Casting
21:21 Pikeman
22:04 Squires
22:29 Medium Warships
23:29 Wheelbarrow
23:04 Gillnets
23:40 Town Watch
25:34 Bow Saw
25:41 Chain Mail Armor
Connection lost

Rejoining the realm…

Still unreachable

The connection could not be restored.

Session expired

The server has moved on; the page needs a fresh start.